Map: Port Aleksander LE

Players

ZipperTheFly

  • Race: Terran Terran
  • Spawn Location: 5:00

Arctur - Winner!

  • Race: Terran Terran
  • Spawn Location: 11:00

Event: 2019 WCS Spring

VOD

Have the link to the VOD?

Description

Time

  • Played on: May 17, 2019, 9:35 a.m.
  • Length: 11:41

All games in this series

Show
View Real Time Build Order
Export as new Build Order

ZipperTheFly Terran 

Build Orders:  

Get SALT Encoding   

  12  0:00  SCV  
  13  0:12  SCV  
  14  0:17  Supply Depot  
  14  0:24  SCV  
  15  0:29  Refinery  
  15  0:39  SCV  
  16  0:45  Barracks  
  16  0:51  SCV  
  16  0:56  Refinery  
  17  1:03  SCV  
  18  1:17  SCV  
  19  1:32  Factory  
  19  1:33  Orbital Command  
  19  1:37  Reaper  
  20  1:45  Supply Depot  
  20  1:59  SCV  
  21  2:09  Reaper  
  21  2:13  SCV  
  23  2:17  Hellion  
  25  2:25  SCV  
  25  2:29  Command Center  
  26  2:38  SCV  
  26  2:43  Reaper, Hellion  
  30  2:47  Supply Depot  
  30  2:51  SCV  
  31  2:59  Starport  
  31  3:08  SCV  
  31  3:09  Factory Tech Lab  
  32  3:15  Barracks Reactor  
  32  3:20  SCV  
  33  3:27  Cyclone  
  33  3:29  Refinery  
  33  3:32  SCV  
  37  3:35  Starport Tech Lab  
  37  3:42  Orbital Command  
  37  3:44  SCV  
  37  4:05  Marine x2  
  37  4:06  Raven  
  37  4:08  SCV  
  37  4:09  SCV  
  42  4:12  Refinery  
  42  4:14  Supply Depot  
  42  4:16  Siege Tank  
  45  4:20  SCV  
  45  4:21  SCV  
  47  4:32  Marine x2  
  47  4:34  SCV x2  
  49  4:39  Starport  
  49  4:44  Supply Depot  
  49  4:46  SCV x2  
  49  4:48  Siege Tank  
  49  4:49  Marine  
  49  4:50  Marine  
  56  4:58  SCV x2  
  58  5:01  Supply Depot  
  58  5:04  Raven  
  60  5:09  Supply Depot  
  60  5:10  SCV x2  
  60  5:12  Marine x2  
  64  5:15  Starport Reactor  
  64  5:22  SCV  
  64  5:23  Siege Tank  
  68  5:28  SCV  
  68  5:32  Supply Depot  
  68  5:33  Supply Depot  
  68  5:35  SCV  
  70  5:41  SCV  
  71  5:47  SCV  
  72  5:50  Viking  
  72  5:51  Viking  
  72  5:52  Viking  
  72  5:53  SCV  
  76  6:04  SCV  
  76  6:08  SCV  
  76  6:10  Siege Tank, Marine x2  
  83  6:16  SCV  
  84  6:20  SCV  
  84  6:22  Raven  
  82  6:32  Viking x2  
  81  6:40  Marine x2  
  81  6:46  Siege Tank  
  86  6:53  Command Center  
  86  6:57  Marine x2  
  88  7:08  Viking x3  
  86  7:15  Marine x2  
  88  7:16  SCV  
  88  7:20  Supply Depot  
  88  7:22  Barracks, Siege Tank, Supply Depot  
  94  7:23  Barracks  
  94  7:25  SCV  
  94  7:28  Liberator  
  95  7:31  SCV  
  95  7:33  Marine x2  
  95  7:37  Engineering Bay  
  98  7:38  Supply Depot  
  98  7:40  Viking x2  
  102  7:46  SCV  
  102  7:51  Marine x2  
  106  7:54  SCV  
  107  7:59  SCV  
  101  8:06  SCV  
  101  8:09  Marine x2  
  101  8:10  Orbital Command  
  101  8:11  Barracks Tech Lab  
  101  8:12  Barracks Tech Lab  
  98  8:17  Viking x2  
  102  8:23  SCV  
  102  8:26  Marine  
  102  8:27  Engineering Bay  
  104  8:32  SCV  
  105  8:35  SCV  
  105  8:40  Combat Shield, Stimpack  
  106  8:41  SCV  
  106  8:46  Siege Tank, Marine x3  
  106  8:48  Marine  
  108  8:51  SCV x2  
  108  8:52  Starport Reactor  
  111  8:57  SCV  
  111  9:00  Refinery  
  111  9:01  Refinery  
  112  9:03  SCV  
  113  9:12  SCV  
  113  9:14  Terran Infantry Weapons Level 1, Terran Infantry Armor Level 1  
  114  9:19  Marine x2  
  114  9:20  Marine  
  114  9:21  Marine  
  118  9:29  SCV  
  118  9:31  Barracks  
  119  9:32  Barracks  
  119  9:38  Marine x2  
  121  9:46  Marine x2  
  121  9:49  Medivac x2  
  121  9:50  Siege Tank  
  121  9:52  SCV  
  131  9:55  Viking x2  
  131  9:56  SCV, Marine  
  131  9:58  SCV  
  138  10:00  Marine  
  138  10:03  Marine  
  140  10:11  Marine  
  139  10:14  Marine  
  139  10:18  Marine  
  137  10:29  SCV, Marine  
  137  10:32  Marine  
  137  10:34  Barracks Reactor x2  
  137  10:36  Marine  
  137  10:37  SCV  
  137  10:40  Supply Depot x2  
  137  10:41  SCV  
  137  10:42  SCV  
  140  10:44  Barracks Reactor  
  140  10:47  Marine  
  140  10:49  SCV, Marine  
  106  10:52  Siege Tank  
  106  10:53  SCV, Marine  
  107  10:59  SCV  
  107  11:00  Factory  
  107  11:02  Sensor Tower  
  108  11:05  Marine  
  108  11:07  Command Center, Marine  
  108  11:09  Viking x3  
  116  11:11  Marine  
  116  11:14  Marine x2  
  116  11:15  Marine x2  
  121  11:21  Armory  
  121  11:22  Marine  
Show
View Real Time Build Order
Export as new Build Order

Arctur Terran - Winner!

Build Orders: Gas First Reaper Expand 

Get SALT Encoding   

  12  0:00  SCV  
  13  0:12  SCV  
  14  0:18  Supply Depot  
  14  0:24  SCV  
  15  0:29  Refinery  
  15  0:40  SCV  
  16  0:46  Barracks  
  16  0:52  SCV  
  17  1:04  SCV  
  18  1:16  SCV  
  19  1:33  Reaper, Orbital Command  
  20  1:45  Command Center  
  20  1:57  Factory  
  20  1:59  SCV  
  21  2:09  Barracks Reactor  
  21  2:11  SCV  
  21  2:14  Supply Depot  
  22  2:18  Refinery  
  22  2:23  SCV  
  23  2:35  SCV  
  24  2:41  Hellion  
  26  2:44  Starport  
  26  2:46  Marine x2  
  26  2:48  SCV  
  29  2:57  Orbital Command  
  29  3:00  SCV  
  29  3:04  Marine  
  31  3:07  Marine  
  31  3:10  Factory Tech Lab  
  31  3:12  SCV  
  33  3:15  Refinery  
  33  3:21  Supply Depot  
  33  3:24  SCV  
  33  3:26  SCV  
  34  3:32  Raven  
  36  3:35  Marine, Factory Tech Lab  
  36  3:36  Marine  
  36  3:40  SCV  
  39  3:41  SCV  
  39  3:46  Bunker  
  40  3:53  Marine  
  40  3:54  Marine  
  40  3:55  Cyclone  
  44  3:56  SCV  
  44  3:57  SCV  
  45  4:08  SCV  
  44  4:12  SCV  
  44  4:14  Supply Depot  
  45  4:20  SCV  
  46  4:24  SCV  
  45  4:32  Viking x2  
  45  4:33  Siege Tank  
  45  4:34  SCV  
  45  4:37  SCV, Marine  
  55  4:41  Supply Depot  
  55  4:46  SCV, Liberator  
  55  4:49  SCV  
  57  4:58  SCV  
  57  4:59  Supply Depot  
  58  5:01  SCV  
  58  5:02  Viking, Marine  
  58  5:06  Supply Depot  
  65  5:09  Siege Tank  
  65  5:11  SCV  
  65  5:13  SCV  
  70  5:20  Stimpack, Marine  
  71  5:24  SCV  
  71  5:25  SCV  
  71  5:28  Supply Depot  
  73  5:36  SCV  
  73  5:37  SCV  
  73  5:38  Marine  
  73  5:41  Siege Tank  
  78  5:52  SCV  
  78  5:53  SCV, Command Center  
  80  5:59  Barracks x2  
  77  6:05  SCV  
  77  6:08  Marine  
  77  6:09  Viking  
  77  6:11  SCV  
  81  6:13  Siege Tank, Refinery  
  81  6:17  SCV  
  84  6:23  SCV  
  81  6:26  Viking  
  81  6:29  SCV  
  81  6:31  Marine  
  82  6:35  Engineering Bay x2  
  82  6:42  SCV x2  
  82  6:46  Siege Tank  
  87  6:50  Barracks Reactor  
  87  6:51  Barracks Reactor  
  87  6:54  Barracks  
  85  7:06  SCV x2  
  74  7:11  Marine  
  73  7:16  Viking x2  
  73  7:18  Siege Tank  
  73  7:20  Terran Infantry Armor Level 1  
  79  7:24  Terran Infantry Weapons Level 1  
  79  7:28  Marine  
  80  7:31  Combat Shield, Marine x4  
  80  7:33  Orbital Command  
  83  7:41  Barracks  
  83  7:45  Liberator, Barracks Reactor  
  83  7:46  Viking, Marine  
  83  7:48  Marine  
  83  7:49  Marine x2  
  83  7:50  SCV x2  
  91  7:53  Marine  
  88  8:07  SCV  
  88  8:08  SCV, Orbital Command  
  88  8:10  Marine x4  
  94  8:17  Viking  
  94  8:20  SCV x2  
  94  8:25  Marine x3  
  99  8:27  Marine, Refinery  
  99  8:31  Marine x3  
  99  8:32  SCV  
  99  8:34  Barracks Reactor  
  104  8:35  SCV  
  108  8:41  Siege Tank  
  108  8:42  Marine  
  109  8:50  Refinery  
  109  8:51  Refinery  
  109  8:53  Marine  
  109  8:54  Supply Depot x4  
  109  8:55  Marine x4  
  112  9:01  Marine x2  
  115  9:11  Factory, Marine  
  115  9:13  Marine  
  115  9:14  Armory  
  115  9:16  SCV x3, Siege Tank  
  122  9:19  Marine x4  
  122  9:20  Medivac  
  122  9:23  Medivac  
  130  9:26  Marine x2  
  132  9:32  Marine x3  
  132  9:37  Marine x4  
  134  9:44  Marine x2  
  135  9:48  Siege Tank  
  135  9:50  Medivac, Marine  
  141  9:53  Medivac  
  141  9:59  Marine x4  
  144  10:04  Marine x2  
  144  10:05  Marine  
  149  10:10  Barracks Reactor  
  149  10:12  Supply Depot  
  149  10:13  Supply Depot x2  
  149  10:19  Marine x3  
  149  10:21  Marine x2  
  149  10:22  Marine x3  
  146  10:30  Siege Tank  
  146  10:33  Medivac  
  146  10:34  Medivac  
  150  10:36  Marine x2  
  150  10:37  Marine  
  150  10:38  Marine x2  
  150  10:40  Marine x3  
  156  10:47  SCV x2  
  129  10:54  Marine  
  129  10:56  Siege Tank  
  133  11:02  SCV x2  
  133  11:03  SCV  
  136  11:21  Marine x4  
  136  11:22  Marine x2  
  136  11:23  Command Center  
Tags
 
Add a new tag
Caveats
  • Supply blocks, unpowered buildings, or Contaminate may cause inaccurate times.
  • Supply counts are checked every 10 seconds.